 Dungeon Crawl Stone Soup version 0.30-a0-652-gcc886f7154 (webtiles) character file.

Game seed: 16503381765439437117

2770 ragingrage the Gouger (level 9, -2/38 HPs)
             Began as a Felid Artificer on Jan 18, 2023.
             Was an Initiate of Gozag.
             Slain by an orc
             ... wielding a +0 halberd
              (6 damage)
             ... in a bailey.
             The game lasted 00:13:40 (7825 turns).

ragingrage the Gouger (Felid Artificer)             Turns: 7825, Time: 00:13:41

Health: -2/38      AC:  6    Str: 10    XL:     9   Next: 42%
Magic:  13/14      EV: 20    Int: 14    God:    Gozag
Gold:   1170       SH:  0    Dex: 17    Spells: 8/14 levels left
                                        Lives:  0   Deaths: 2

rFire   . . .      SeeInvis +      - Unarmed
rCold   . . .      Faith    .    (shield unavailable)
rNeg    . . .      Spirit   .    (body armour unavailable)
rPois   .          Reflect  .    (helmet unavailable)
rElec   .          Harm     .    (cloak unavailable)
rCorr   .          Rampage  .    (gloves unavailable)
Will    +....                    (boots unavailable)
Stlth   ++++                     (no amulet)
HPRegen 0.26/turn                h - +4 ring of slaying
MPRegen 0.14/turn                y - +4 ring of protection

@: gold aura, quick
A: very small, claws 1, fangs 3, see invisible, speed 1, shaggy fur 2, stealthy
paws, no weapons or thrown items, no armour, multi-lived
a: Renounce Religion, Potion Petition, Call Merchant, Bribe Branch


You were in a bailey.
You worshipped Gozag.
Gozag was most pleased with you.
You visited 2 branches of the dungeon, and saw 11 of its levels.
You also visited: Bailey.

You collected 1211 gold pieces.
You paid 41 gold pieces to Gozag.

Inventory:

Jewellery
 h - a +4 ring of slaying (left paw)
 q - a +6 ring of intelligence
 y - a +4 ring of protection (right paw)
Wands
 a - a wand of flame (9) (quivered)
 b - a wand of charming (10)
 c - a wand of iceblast (5)
Scrolls
 f - a scroll of immolation
 g - a scroll of butterflies
 l - a scroll of magic mapping {unknown}
 m - a scroll of enchant armour {unknown}
 n - a scroll of torment
 o - 2 scrolls of fear
 p - a scroll of teleportation {unknown}
 u - a scroll of fog {unknown}
 v - a scroll of brand weapon {unknown}
 z - a scroll of acquirement {unknown}
 A - a scroll of vulnerability {unknown}
Potions
 d - 2 potions of magic
 e - 4 potions of attraction
 i - 2 potions of heal wounds
 j - 5 potions of curing
 k - a potion of lignification
 r - a potion of invisibility {unknown}
 s - 3 potions of flight {unknown}
 t - 4 potions of berserk rage
 w - a potion of ambrosia {unknown}
 x - 2 potions of haste {unknown}


   Skills:
 + Level 3.5 Fighting
 + Level 5.7 Dodging
 + Level 8.7 Stealth
 * Level 10.6 Unarmed Combat
 - Level 3.0 Spellcasting
 + Level 0.2 Conjurations
 - Level 7.0 Hexes
 + Level 4.4 Evocations


You had 8 spell levels left.
You knew the following spells:

 Your Spells              Type           Power      Damage    Failure   Level
a - Confusing Touch       Hex            21%        N/A       3%          3
b - Dazzling Flash        Conj/Hex       24%        N/A       14%         3

Your spell library contained the following spells:

 Spells                   Type           Power      Damage    Failure   Level
 Kiss of Death            Conj/Necr      8%         2d6       21%         1
 Apportation              Tloc           4%         N/A       22%         1
 Lesser Beckoning         Tloc           4%         N/A       32%         2
 Gell's Gravitas          Tloc           2%         N/A       54%         3
 Ignite Poison            Fire/Tmut/Pois 2%         N/A       54%         3
 Teleport Other           Tloc           2%         N/A       54%         3
 Silence                  Hex/Air        5%         N/A       80%         5
 Sticky Flame             Conj/Fire      2%         2d3       90%         4
 Dispel Undead            Necr           2%         3d7       91%         4
 Agony                    Necr           2%         N/A       99%         5
 Alistair's Intoxication  Tmut/Pois      1%         N/A       99%         5
 Ignition                 Fire           1%         3d3       100%        8


Dungeon Overview and Level Annotations

Branches:
Dungeon (10/15)            Temple (1/1) D:4          Bailey (1/1)
   Lair: D:8-11         Orc: D:9-12

Altars:
Ashenzari
Cheibriados
Dithmenos
Elyvilon
Fedhas
Gozag
Hepliaklqana
Kikubaaqudgha
Makhleb
Nemelex Xobeh
Okawaru
Qazlal
Ru
Sif Muna
Uskayaw
Vehumet
Wu Jian
Xom
Yredelemnul
Zin
The Shining One

Annotations:
D:2 Terence
D:5 Prince Ribbit


Innate Abilities, Weirdness & Mutations

You have sharp claws.
You have razor-sharp teeth.
You have supernaturally acute eyesight. (SInv)
You cover ground quickly. (Speed+)
You are covered in thick fur. (AC +2)
Your paws help you pounce on unaware monsters.
You are incapable of wielding weapons or throwing items.
You cannot wear armour.
You gain extra lives every three experience levels.


Message History

The orc hits you but does no damage. The orc warrior misses you.
The orc warrior barely misses you. The orc misses you.
The orc hits you but does no damage.
There is an open door here.
You scratch the orc warrior but do no damage.
You pounce on the helpless orc warrior from behind!
You mangle the orc warrior!!
You kill the orc warrior!
The orc completely misses you.
The orc warrior hits you with a +0 halberd.
The orc misses you. x2
You scratch the orc warrior.
The orc warrior is moderately wounded.
The orc closely misses you. The orc warrior misses you.
The orc completely misses you. The orc misses you.
You claw the orc!
You kill the orc!
The orc completely misses you.
The orc warrior hits you with a +0 halberd!
* * * LOW HITPOINT WARNING * * *
The orc hits you with a +0 hand axe.
* * * LOW HITPOINT WARNING * * *
The orc barely misses you.
The orc warrior hits you but does no damage.
Casting: Dazzling Flash (quite dangerous; 14% risk of failure)
Confirm with . or Enter, or press ? or * to list all spells.
You can't see any susceptible monsters within range! (Use Z to cast anyway.)
The orc grunts loudly.
Casting: Dazzling Flash (quite dangerous; 14% risk of failure)
Confirm with . or Enter, or press ? or * to list all spells.
The spell is quite dangerous to miscast (14% risk of failure)!
Continue anyway?
Okay, then.
Items here: ))) [[.
You mangle the orc!!
You kill the orc!
The orc hits you from afar with a +0 halberd!
* * * LOW HITPOINT WARNING * * *
The orc hits you with a +0 halberd.
You die...
Your body crumbles into a pile of gold.

###### ############
.....## ##).......∩.##
.oo...######.....#......#
.o##..#....#....###o....#
.o.8..'....'.....8.....∩#
..##..#...o#$..o###o....#
.o....######...)@#......#
.....## ##..)))...∩.##
###### ############


You could see an orc.

Vanquished Creatures
  A boulder beetle (D:10)
  A cyclops (D:7)
  A hornet (D:8)
  A vampire (D:9)
  A water moccasin (D:7)
  3 orc warriors
  A sky beast (D:5)
  4 ice beasts
  A black bear (D:6)
  A phantom (D:6)
  2 lemures (D:7)
  A kobold brigand (D:9)
  A bullfrog (D:7)
  A gnoll sergeant (D:8)
  2 scorpions
  3 wights (D:6)
  4 killer bees (D:8)
  3 howler monkeys
  3 orc priests
  4 hounds
  A jelly (D:7)
  3 iguanas
  8 orc wizards
  A mummy (D:5)
  9 gnolls
  6 adders
  A shadow imp (D:5)
  2 ufetubi
  2 worms
  3 dart slugs
  36 orcs
  8 bats
  8 endoplasms
  6 giant cockroaches
  11 goblins
  4 hobgoblins
  3 jackals (D:3)
  8 kobolds
  2 quokkas (D:1)
  11 ball pythons
  2 frilled lizards
  6 rats
180 creatures vanquished.

Vanquished Creatures (collateral kills)
  Pikel (D:7)
  An orc warrior (D:9)
  A wolf (D:8)
  A lemure (D:7)
  A wight (D:6)
  An orc priest (D:7)
  3 orcs
9 creatures vanquished.

Vanquished Creatures (others)
  Maggie (D:7)
  Grum (D:8)
  A wolf (D:8)
3 creatures vanquished.

Grand Total: 192 creatures vanquished

Notes
Turn   | Place    | Note
-------+----------+-------------------------------------------
     0 | D:1      | ragingrage the Felid Artificer began the quest for the Orb.
     0 | D:1      | Reached XP level 1. HP: 9/9 MP: 2/2
   380 | D:1      | Reached skill level 1 in Unarmed Combat
   402 | D:1      | Reached XP level 2. HP: 7/12 MP: 3/3
   772 | D:1      | Reached XP level 3. HP: 15/15 MP: 4/4
   999 | D:2      | Reached skill level 2 in Unarmed Combat
  1206 | D:2      | Noticed Terence
  1460 | D:3      | Reached XP level 4. HP: 16/19 MP: 5/5
  1522 | D:3      | Found a stormy altar of Qazlal.
  1967 | D:3      | Found an iron altar of Okawaru.
  2584 | D:4      | Found a staircase to the Ecumenical Temple.
  2678 | D:4      | Reached skill level 3 in Unarmed Combat
  2703 | D:4      | Reached XP level 5. HP: 22/22 MP: 6/6
  2853 | D:4      | Found a sacrificial altar of Ru.
  2859 | D:4      | Found a basalt altar of Yredelemnul.
  2860 | D:4      | Found a white marble altar of Elyvilon.
  2862 | D:4      | Found a hazy altar of Hepliaklqana.
  2969 | Temple   | Entered the Ecumenical Temple
  3021 | Temple   | Became a worshipper of Gozag Ym Sagoz the Greedy
  3241 | D:3      | Learned a level 3 spell: Confusing Touch
  3261 | D:4      | Found a broken altar of Ashenzari.
  3298 | D:4      | Reached skill level 5 in Stealth
  3309 | D:4      | Reached skill level 1 in Hexes
  3313 | D:4      | Reached skill level 4 in Unarmed Combat
  3490 | D:5      | Entered Level 5 of the Dungeon
  3550 | D:5      | Noticed an ice beast
  3560 | D:5      | Killed an ice beast
  3561 | D:5      | Gained mutation: You are covered in thick fur. (AC +2)
                  | [Felid growth]
  3561 | D:5      | Reached XP level 6. HP: 25/25 MP: 7/7
  3590 | D:5      | Noticed a sky beast
  3590 | D:5      | Noticed an ice beast
  3593 | D:5      | Found a shimmering blue altar of Sif Muna.
  3594 | D:5      | Killed an ice beast
  3602 | D:5      | Killed a sky beast
  3603 | D:5      | Reached skill level 5 in Unarmed Combat
  3603 | D:5      | Reached XP level 7. HP: 18/28 MP: 8/8
  4048 | D:5      | Found a snail-covered altar of Cheibriados.
  4115 | D:5      | Reached skill level 6 in Unarmed Combat
  4209 | D:5      | Noticed Prince Ribbit
  4212 | D:5      | Mangled by Prince Ribbit
  4213 | D:5      | Reached XP level 6. HP: -9/25 MP: 5/7
  4277 | D:6      | Noticed an ice beast
  4290 | D:6      | HP: 1/23 [wight/+0 great sword (3)]
  4513 | D:6      | Reached skill level 5 in Hexes
  4513 | D:6      | Reached XP level 7. HP: 19/28 MP: 8/8
  4754 | D:6      | Found the +4 robe of Augmentation {Str+4 Int+4 Dex+4}
  5094 | D:6      | Reached skill level 7 in Unarmed Combat
  5487 | D:6      | Reached XP level 8. HP: 32/32 MP: 5/9
  5764 | D:7      | Noticed a cyclops
  5767 | D:7      | Killed a cyclops
  5768 | D:7      | Reached skill level 9 in Unarmed Combat
  5878 | D:7      | Found a burning altar of Makhleb.
  5936 | D:7      | Noticed Maggie
  6003 | D:7      | Noticed Pikel
  6012 | D:7      | Noticed a troll
  6023 | D:7      | Killed Pikel
  6024 | D:7      | Reached skill level 1 in Spellcasting
  6024 | D:7      | Reached XP level 9. HP: 32/36 MP: 9/11
  6031 | D:7      | Your ally Maggie died
  6643 | D:8      | Found a shadowy altar of Dithmenos.
  6661 | D:8      | Noticed Grum
  6686 | D:8      | Your ally Grum died
  6688 | D:8      | Reached skill level 10 in Unarmed Combat
  6988 | D:8      | Paralysed by a hornet for 3 turns
  6988 | D:8      | Mangled by a hornet
  6989 | D:8      | Reached XP level 8. HP: -7/34 MP: 12/12
  7015 | D:8      | Reached skill level 5 in Dodging
  7307 | D:9      | Reached XP level 9. HP: 38/38 MP: 13/13
  7339 | D:10     | Entered Level 10 of the Dungeon
  7390 | D:10     | Noticed a boulder beetle
  7396 | D:10     | Killed a boulder beetle
  7445 | D:10     | Learned a level 3 spell: Dazzling Flash
  7563 | D:10     | Found a hide-covered altar of Uskayaw.
  7593 | D:10     | Found a flagged portal.
  7615 | Bailey   | Entered a bailey
  7825 | Bailey   | Slain by an orc

Illustrated notes

Levels and vault maps discovered:
D:1:      dpeg_arrival_snail, layout_basic, minmay_surrounded
D:2:      layout_basic, uniq_terence
D:3:      layout_basic, grunt_qazlal_sundering, general_overflow_altar
D:4:      layout_rooms, mainiacjoe_overflow_small_starburst, minitemple,
          minmay_temple_entry_ruins
D:5:      layout_loops_ring, nicolae_sif_muna_condensation, slow_altar_1,
          st_stairs_6, uniq_prince_ribbit1
D:6:      layout_loops_ring, hangedman_decor_lopped
D:7:      layout_cave_pools, makhleb_blood_cavern_becter,
          minmay_misc_feat_diagonals, lemuel_flamethrower_2, uniq_pikel,
          uniq_maggie
D:8:      layout_rooms, nicolae_overflow_hidden_temple, minmay_crystal_room,
          minmay_starry_boxes, uniq_grum
D:9:      minmay_flawed_box, layout_basic, mainiacjoe_overflow_six_doors_small,
          minmay_lair_entry_grove
D:10:     layout_layer_cave, nicolae_uskayaw_murder_on_the_dancefloor,
          enter_bailey_3, guppyfry_shop_venom, uniq_joseph, uniq_erolcha
Temple:   nicolae_temple_cloud_nine
Bailey:   bailey_polearm_5, bailey

Skill      XL: |  1  2  3  4  5  6  7  8  9 |
---------------+----------------------------+-----
Stealth        | 2 3 4 5 7 8 |  8.7
Unarmed Combat | 1 2 3 4 5 7 9 10 | 10.6
Hexes          | 2 5 6 7 |  7.0
Dodging        | 5 |  5.7
Spellcasting   | 1 3 |  3.0
Fighting       | 3 2 |  3.5
Evocations     | 4 |  4.4
Conjurations   | |  0.2

Action                   |  1- 3 |  4- 6 |  7- 9 || total
-------------------------+-------+-------+-------++-------
Melee: Unarmed           |    68 |   111 |   235 ||   414
       Bite              |     3 |    10 |    24 ||    37
       Punch             |       |     5 |    14 ||    19
 Cast: Confusing Touch   |       |     1 |    10 ||    11
       Dazzling Flash    |       |       |     2 ||     2
Evoke: Wand              |       |     2 |     9 ||    11
  Use: Scroll            |       |     7 |     4 ||    11
       Potion            |       |       |     3 ||     3
 Stab: Sleeping          |     4 |    12 |    16 ||    32
       Distracted        |       |     1 |     1 ||     2
       Confused          |       |       |     8 ||     8
       Invisible         |       |       |     3 ||     3
Armor: Skin              |     1 |     1 |    19 ||    21
Dodge: Dodged            |    41 |    72 |   181 ||   294

Table legend: (Time is in decaauts)
 A = Elapsed time spent in this place.
 B = Non-inter-level travel time spent in this place.
 C = Inter-level travel time spent in this place.
 D = Time resting spent in this place.
 E = Time spent auto-exploring this place.
 F = Levels seen in this place.
 G = Mean time per level.
                   A        B        C        D        E       F      G
               +--------+--------+--------+--------+--------+-----+--------+
         Total |   6730 |   6225 |    505 |   1621 |   2766 |  12 |  560.8 |
       Dungeon |   6493 |   5996 |    497 |   1542 |   2724 |  10 |  649.3 |
        Temple |     48 |     41 |      7 |      0 |     32 |   1 |   48.0 |
        Bailey |    188 |    188 |      0 |     79 |      9 |   1 |  188.0 |
               +--------+--------+--------+--------+--------+-----+--------+

Top non-repeatable levels by time:
     D:6: 1241 daAuts
     D:3: 1128 daAuts
     D:5: 933 daAuts
     D:1: 894 daAuts
     D:7: 593 daAuts
     D:4: 451 daAuts
     D:8: 425 daAuts
     D:2: 396 daAuts
    D:10: 236 daAuts
     D:9: 193 daAuts
  Bailey: 188 daAuts
  Temple: 48 daAuts
